 Dungeon Crawl Stone Soup version 0.26.1-11-gd32895ea62 (webtiles) character file.

Game seed: 2692361517530934689

233 Zeld the Poker (level 6, -4/44 HPs)
             Began as a Merfolk Gladiator on May 25, 2021.
             Was an Initiate of Uskayaw.
             Killed by nerve-wracking pain
             ... invoked by Grinder
              (9 damage)
             ... on level 2 of the Dungeon.
             The game lasted 00:07:20 (4270 turns).

Zeld the Poker (Merfolk Gladiator)                  Turns: 4270, Time: 00:07:20

Health: -4/44      AC:  4    Str: 17    XL:     6   Next: 5%
Magic:  3/6        EV: 13    Int:  7    God:    Uskayaw [......]
Gold:   132        SH:  5    Dex: 15    Spells: 5/5 levels left

rFire    . . .     SeeInvis .   a - +0 trident
rCold    . . .     Faith    .   q - +2 buckler
rNeg     . . .     Spirit   .   b - +0 leather armour
rPois    .         Reflect  .   c - +0 helmet
rElec    .         Harm     .   (no cloak)
rCorr    .         Rampage  .   (no gloves)
Will     .....                  (no boots)
Stlth    +.........             (no amulet)
HPRegen  0.14/turn              (no ring)
MPRegen  0.10/turn              (no ring)

@: no status effects
A: change form in water, swift swim, stealthy swim
a: Renounce Religion


You were on level 2 of the Dungeon.
You worshipped Uskayaw.
Uskayaw was noncommittal.
You visited 1 branch of the dungeon, and saw 3 of its levels.

You collected 132 gold pieces.

Inventory:

Hand Weapons
 a - a +0 trident (weapon)
Missiles
 d - 3 throwing nets (quivered)
 p - 19 poisoned darts
Armour
 b - a +0 leather armour (worn)
 c - a +0 helmet (worn)
 q - a +2 buckler (worn)
Jewellery
 f - an uncursed ring of flight {unknown}
Scrolls
 e - 3 scrolls of remove curse {unknown}
 i - 2 scrolls of fear {unknown}
 m - a scroll of identify {unknown}
 n - a scroll of enchant armour {unknown}
Potions
 g - a potion of degeneration {unknown}
 h - a potion of berserk rage {unknown}
 j - a potion of resistance {unknown}
 k - 2 potions of curing {unknown}
 l - a potion of flight {unknown}
 o - a potion of cancellation {unknown}


   Skills:
 - Level 2.1 Fighting
 * Level 6.8(7.3) Polearms
 + Level 1.9(3.1) Staves
 * Level 4.0 Throwing
 - Level 4.0 Dodging


You had 5 spell levels left.
You didn't know any spells.
Your spell library was empty.

Dungeon Overview and Level Annotations

Branches:
Dungeon (3/15)

Altars:
Nemelex Xobeh
Uskayaw

Annotations:
D:2 Grinder


Message History

Grinder blinks!
Grinder blinks!
You can no longer pass through a line of other dancers.
Okay, then.
You see here a +0 buckler.
You stomp with the beat, sending a shockwave through the revellers around you!
Grinder is almost dead.
You can no longer stomp with the beat.
Grinder hits you.
* * * LOW HITPOINT WARNING * * *
You writhe in agony.
* * * LOW HITPOINT WARNING * * *
You barely miss Grinder.
Grinder is almost dead.
Grinder closely misses you.
You hit Grinder.
Grinder is almost dead.
Grinder gestures at you. Pain shoots through your body!
You die...

..##.# #.........#.
..##.# ############
..##.####### ...........#
...........########
...........#......#
#.##'#######......#
...#.#######......#######
...#.#.........5@.......#
...#.#............#####.#
...#.#......####### ###.#
..(..#......#8###8###8#.#
.....#..................#
....>)(.......(.........#
...###......5...........#
##.###......#8###⌠###8###
....##......####### ###


You could see Grinder.

Vanquished Creatures
  Sigmund (D:2)
  3 adders (D:2)
  2 leopard geckos (D:2)
  6 bats
  5 giant cockroaches
  5 goblins
  9 hobgoblins
  6 kobolds
  A quokka (D:2)
  5 frilled lizards (D:1)
  5 rats
48 creatures vanquished.

Vanquished Creatures (others)
  2 fungi (D:1)
2 creatures vanquished.

Grand Total: 50 creatures vanquished

Notes
Turn   | Place    | Note
-------+----------+-------------------------------------------
     0 | D:1      | Zeld the Merfolk Gladiator began the quest for the Orb.
     0 | D:1      | Reached XP level 1. HP: 16/16 MP: 1/1
   128 | D:1      | Reached XP level 2. HP: 19/22 MP: 2/2
   318 | D:1      | Found a sparkling altar of Nemelex Xobeh.
   409 | D:1      | Reached skill level 5 in Polearms
   498 | D:1      | HP: 1/22 [hobgoblin (5)]
   522 | D:1      | HP: 1/22 [hobgoblin/+0 club (1)]
   661 | D:1      | Reached XP level 3. HP: 11/27 MP: 3/3
  1393 | D:2      | Found a hide-covered altar of Uskayaw.
  1568 | D:2      | Reached skill level 1 in Staves
  1592 | D:2      | Found a faded altar of an unknown god.
  1595 | D:2      | Noticed Sigmund
  1645 | D:2      | Became a worshipper of Uskayaw the Reveller
  1913 | D:2      | Reached * piety under Uskayaw
  2415 | D:2      | Reached XP level 4. HP: 18/33 MP: 0/4
  3175 | D:2      | Found a faded altar of an unknown god.
  3326 | D:2      | Reached ** piety under Uskayaw
  3328 | D:2      | Reached *** piety under Uskayaw
  3329 | D:2      | Killed Sigmund
  3330 | D:2      | Reached skill level 6 in Polearms
  3330 | D:2      | Reached XP level 5. HP: 28/38 MP: 5/5
  3330 | D:2      | Reached XP level 6. HP: 32/44 MP: 6/6
  3414 | D:2      | Found a hide-covered altar of Uskayaw.
  3721 | D:3      | Noticed Grinder
  3738 | D:3      | Paralysed by Grinder for 7 turns
  4232 | D:2      | Paralysed by Grinder for 7 turns
  4270 | D:2      | Killed from afar by Grinder

Illustrated notes

Levels and vault maps discovered:
D:1:      dpeg_cavernosity, layout_basic, nemelex_xobeh_ov_fountains_minmay
D:2:      layout_basic, eat_drink_and_be_merry_uskayaw, serial_corexii_hall,
          chequers_hall_statues_corner_a, corexii_hall_statues_i,
          chequers_ecumenical_altar_simple_redux, uniq_sigmund
D:3:      layout_loops_ring, uniq_terence, uniq_grinder, uniq_crazy_yiuf_cottage

Skill      XL: |  1  2  3  4 |
---------------+-------------+-----
Polearms       | 5 6 |  6.8
Staves         | 1 |  1.9
Throwing       | 3 4 |  4.0
Fighting       | |  2.1
Dodging        | |  4.0

Action                   |  1- 3 |  4- 6 || total
-------------------------+-------+-------++-------
Melee: Trident           |   130 |    57 ||   187
Invok: Stomp             |     1 |     4 ||     5
 Stab: Sleeping          |     1 |       ||     1
       Paralysed         |       |     1 ||     1
Armor: Leather armour    |    19 |    13 ||    32
Dodge: Dodged            |    83 |    30 ||   113
Block: Buckler           |     4 |    10 ||    14
